 Dungeon Crawl Stone Soup version 0.30.1-4-g462c640d31 (webtiles) character file.

Game seed: 2937071244878644250

44 growler the Gusty (level 3, -2/19 HPs)
             Began as a Tengu Air Elementalist on Sept 15, 2023.
             Slain by an orc
             ... wielding a +0 flail
              (8 damage)
             ... on level 3 of the Dungeon.
             The game lasted 00:02:37 (1409 turns).

growler the Gusty (Tengu Air Elementalist)          Turns: 1409, Time: 00:02:38

Health: -2/19      AC:  2    Str:  8    XL:     3   Next: 62%
Magic:  2/7        EV: 12    Int: 17    God:
Gold:   72         SH:  0    Dex: 14    Spells: 1/7 levels left

rFire   . . .        (no weapon)
rCold   . . .        (no shield)
rNeg    . . .        a - +0 robe
rPois   .            (helmet restricted)
rElec   .            (no cloak)
rCorr   .            (no gloves)
SInv    .            (boots unavailable)
Will    .....        (no amulet)
Stlth   ++           (no ring)
HPRegen 0.23/turn    (no ring)
MPRegen 0.10/turn

%: no passive effects
@: no status effects
A: beak, talons 3
a: no special abilities


You were on level 3 of the Dungeon.
You visited 1 branch of the dungeon, and saw 3 of its levels.

You collected 72 gold pieces.

Inventory:

Armour
 a - a +0 robe (worn)
Jewellery
 j - a ring of protection from fire
Scrolls
 c - 7 scrolls of identify {unknown}
 d - a scroll of torment {unknown}
 e - a scroll of magic mapping {unknown}
 f - a scroll of poison {unknown}
 g - 2 scrolls of noise {unknown}
 h - a scroll of teleportation {unknown}
 i - a scroll of fog {unknown}
 o - 2 scrolls of fear {unknown}
 r - a scroll of enchant weapon {unknown}
Potions
 b - a potion of magic
 k - 3 potions of brilliance {unknown}
 l - 2 potions of mutation {unknown}
 m - 2 potions of heal wounds {unknown}
 n - 3 potions of curing {unknown}
 p - a potion of cancellation {unknown}
 q - a potion of might {unknown}


   Skills:
 - Level 2.1 Dodging
 - Level 2.0 Stealth
 + Level 2.6 Spellcasting
 + Level 2.8 Conjurations
 + Level 4.7 Air Magic


You had one spell level left.
You knew the following spells:

 Your Spells              Type           Power      Damage    Failure   Level
a - Shock                 Conj/Air       60%        1d6       3%          1
b - Static Discharge      Conj/Air       30%        2-4/arc   6%          2
c - Swiftness             Air            18%        N/A       8%          3

Your spell library contained the following spells:

 Spells                   Type           Power      Damage    Failure   Level
 Airstrike                Air            9%         2d(2-18)  26%         4


Dungeon Overview and Level Annotations

Branches:
Dungeon (3/15)

Altars:
Makhleb


Innate Abilities, Weirdness & Mutations

You have a beak for a mouth.
You have claws for feet.


Message History

You hear a shout! x2
The zap hits the orc but does no damage.
You hear a shout!
The zap misses the orc.
The zap hits the hobgoblin.
You kill the hobgoblin!
The orc hits you with a +0 flail.
The zap misses the orc.
The orc closely misses you.
An orc wizard comes into view. It is wielding a +0 dagger.
An orc priest comes into view. It is wielding a +0 hand axe.
Unknown command.
Casting: Shock (safe; 3% risk of failure)
Confirm with . or Enter, or press ? or * to list all spells.
Aiming: Shock (safe; 3% risk of failure)
Press: ? - help, Shift-Dir - straight line, f/p - orc
Aim: an orc, wielding a +0 flail and wearing a +0 scale mail (75% to hit)
The zap hits the orc.
The orc is moderately wounded.
The zap hits the orc priest.
The orc priest is lightly wounded.
The orc hits you with a +0 flail. The orc attacks as you move away!
The orc closely misses you.
The orc wizard casts a spell.
The orc wizard flickers and vanishes!
Deactivating autopickup; reactivate with Ctrl-A.
The orc attacks as you move away! The orc closely misses you.
The orc attacks as you move away! The orc barely misses you.
You see here a ball python skeleton.
There is a stone staircase leading up here.
Casting: Shock (safe; 3% risk of failure)
Confirm with . or Enter, or press ? or * to list all spells.
Aiming: Shock (safe; 3% risk of failure)
Press: ? - help, Shift-Dir - straight line, f - orc priest, p - orc
Aim: an orc priest, wielding a +0 hand axe (lightly wounded, 71% to hit)
The zap hits the orc.
The orc is heavily wounded.
The zap misses the orc.
The zap misses the orc priest.
The orc hits you with a +0 flail!
* * * LOW HITPOINT WARNING * * *
The orc hits you with a +0 flail!
You die...

#...# # #...# ..##
#####...#
...#.......###
#.#.###.....##
#...#....###.##### .#
###.o..#.# #......
...#.o.#....###.#####
###.#@#.........#####.
#.......>.......#.....
#.#...#.........#.#.#.
#..#.#....#..#..#.#...
#.##.##...##.#..#.#.#.
#..#.#..........#.....
#.......##.....####.#.
####...###.....# #.##
###.# #.....# ##.##


You could see 2 orcs.

Vanquished Creatures
  2 adders (D:2)
  2 dart slugs (D:1)
  An orc (D:3)
  A bat (D:1)
  3 endoplasms
  A giant cockroach (D:2)
  A goblin (D:2)
  5 hobgoblins
  A kobold (D:1)
  A ball python (D:3)
  A frilled lizard (D:1)
  A rat (D:1)
20 creatures vanquished.

Notes
Turn   | Place    | Note
-------+----------+-------------------------------------------
     0 | D:1      | growler the Tengu Air Elementalist began the quest for the
                  | Orb.
     0 | D:1      | Reached XP level 1. HP: 10/10 MP: 4/4
   239 | D:1      | Reached XP level 2. HP: 15/15 MP: 3/6
   242 | D:1      | Learned a level 2 spell: Static Discharge
   455 | D:1      | Found Dapink's Jewellery Shop.
   769 | D:2      | Reached XP level 3. HP: 17/19 MP: 4/7
   773 | D:2      | Learned a level 3 spell: Swiftness
   820 | D:2      | You fall into a shaft and drop 1 floor!
  1069 | D:2      | Found a burning altar of Makhleb.
  1409 | D:3      | Slain by an orc

Illustrated notes

Levels and vault maps discovered:
D:1:      lemuel_arrival_room, layout_rooms, serial_shops,
          nicolae_shop_gaudy_bauble
D:2:      layout_rooms, basic_altar, hex_medium
D:3:      cheibrodos_pilgrimage, layout_loops_cross,
          nicolae_overflow_crystal_walls

Skill      XL: |  1 |
---------------+----+-----
Conjurations   | 2 |  2.8
Dodging        | |  2.1
Stealth        | |  2.0
Spellcasting   | |  2.6
Air Magic      | |  4.7

Action                     || total
---------------------------++-------
   Cast: Shock             ||    43
         Static Discharge  ||     1
  Dodge: Dodged            ||     6
